 Dungeon Crawl Stone Soup version 0.32-a0-876-gcfddb08e57 (webtiles) character file.

Game seed: 6627022831590707878

210 shadizar the Magician (level 6, 0/40 HPs)
             Began as a Djinni Conjurer on Apr 1, 2024.
             Killed from afar by Ijyb (19 damage)
             ... with a bolt of light
             ... on level 4 of the Dungeon.
             The game lasted 00:04:07 (2988 turns).

shadizar the Magician (Djinni Conjurer)             Turns: 2988, Time: 00:04:08

Health: 0/40       AC:  2    Str:  6    XL:     6   Next: 12%
Gold:   176        EV: 11    Int: 22    God:
                   SH:  0    Dex: 11

rFire   + + .        (no weapon)
rCold   x . .        (no shield)
rNeg    . . .        a - +0 robe
rPois   ∞            (no helmet)
rElec   .            (no cloak)
rCorr   .            (no gloves)
SInv    .            (boots unavailable)
Will    .....        (no amulet)
Stlth   ++           (no ring)
HPRegen 0.26/turn    (no ring)
MPRegen 0.00/turn

%: infuse magic (-1 HP)
@: flying
A: sickness immunity, fire resistance 2, cold vulnerability 1, float, innate
caster, HP casting, extra vitality 1
a: no special abilities


You were on level 4 of the Dungeon.
You visited 1 branch of the dungeon, and saw 4 of its levels.

You collected 176 gold pieces.

Inventory:

Armour
 a - a +0 robe (worn)
Jewellery
 i - a ring of ice
 r - a +5 ring of evasion
Scrolls
 b - a scroll of brand weapon {unknown}
 d - a scroll of fear {unknown}
 f - 3 scrolls of vulnerability {unknown}
 g - a scroll of amnesia {unknown}
 h - 2 scrolls of acquirement {unknown}
 l - 3 scrolls of noise {unknown}
 m - 3 scrolls of teleportation {unknown}
 o - a scroll of blinking {unknown}
 p - a scroll of fog {unknown}
 t - 2 scrolls of identify {unknown}
Potions
 c - a potion of magic {unknown}
 e - 3 potions of might {unknown}
 j - a potion of brilliance {unknown}
 k - a potion of curing {unknown}
 n - 2 potions of lignification {unknown}
 q - 3 potions of attraction {unknown}
 s - a potion of cancellation {unknown}
 u - a potion of invisibility {unknown}


   Skills:
 - Level 2.1 Dodging
 - Level 1.5 Stealth
 + Level 5.6 Spellcasting
 + Level 5.6 Conjurations
 + Level 5.6 Hexes
   Level 0.0 Charms
 + Level 5.6 Summonings
 + Level 5.6 Necromancy
 + Level 5.6 Translocations
   Level 0.0 Transmutations
 + Level 5.6 Fire Magic
 + Level 5.6 Ice Magic
 + Level 5.6 Air Magic
 + Level 5.6 Earth Magic
 + Level 5.6 Alchemy


You knew the following spells:

 Your Spells              Type           Power      Damage    Failure   Level
a - Magic Dart            Conj           100%       1d8       1%          1
b - Searing Ray           Conj           62%        2d6       1%          2
c - Fulminant Prism       Conj/Alch      15%        3d10      10%         4
d - Iskenderun's Mystic Conj/Tloc 31%            2d8        (+2d4     10%         4
e - Kiss of Death         Conj/Necr      100%       2d13      1%          1
f - Static Discharge      Conj/Air       62%        3-6/arc   1%          2
Your spell library was empty.

Dungeon Overview and Level Annotations

Branches:
Dungeon (4/15)
 Temple: D:4-7

Altars:
Wu Jian

Shops:
D:1 *(*

Annotations:
D:4 Ijyb


Innate Abilities, Weirdness & Mutations

You are immune to sickness and miasma.
You are immune to poison.
Your flesh is very heat resistant. (rF++)
You are vulnerable to cold. (rC-)
You float through the air rather than walking.
You learn spells naturally, not from books.
Your magical power is your life essence.
You have superior vitality. (+4 MHP)


Message History

Ijyb is lightly wounded. (Press . to maintain the ray.) Unknown command.
Unknown command.
Unknown command.
Unknown command.
The searing ray hits Ijyb.
Ijyb is moderately wounded.
Unknown command.
Ijyb grins evilly.
Ijyb zaps a wand.
The bolt of light misses you.
Casting: Searing Ray (safe; 1% risk of failure)
Confirm with . or Enter, or press ? or * to list all spells.
Aiming: Searing Ray (safe; 1% risk of failure)
Press: ? - help, Shift-Dir - straight line, f/p - Ijyb
Aim: Ijyb, wielding a +0 club, wearing a +0 chain mail and carrying a wand of light (moderately wounded, 79% to hit)
The searing ray hits Ijyb but does no damage.
Ijyb is moderately wounded. (Press . to maintain the ray.) Ijyb zaps a wand.
The bolt of light hits you!
Unknown command.
Unknown command.
Unknown command.
Unknown command.
Unknown command.
Unknown command.
Unknown command.
The searing ray hits Ijyb.
Ijyb is heavily wounded.
The searing ray hits Ijyb but does no damage.
Ijyb is heavily wounded.
Ijyb hits you with a +0 club.
Casting: Searing Ray (safe; 1% risk of failure)
Confirm with . or Enter, or press ? or * to list all spells.
Okay, then.
The searing ray misses Ijyb.
You finish channelling your searing ray.
Ijyb zaps a wand.
The bolt of light hits you!!
You die...
Ijyb moans, "Good help so hard to find!"

#..........†........###
#..#####..#####.#....#.
#..######.# #........
#.......#.# #######..
##.####.#.#### #>. #.#
##.#..... ##..
##.###.....# #...
#....#g#...# #......
##.#..@#.... #..#..#
###.### #..#..# #..
........ #.#. ....#.##
#.#>. ##.#. # #.# ## .
# #.# #.#


You could see Ijyb.

Vanquished Creatures
  A hound (D:3)
  2 bombardier beetles
  Robin (D:3)
  5 adders
  3 dart slugs
  2 ribbon worms
  3 orcs (D:3)
  An endoplasm (D:3)
  2 giant cockroaches
  12 goblins
  5 hobgoblins
  4 kobolds
  A quokka (D:4)
  3 ball pythons
  6 bats
  A frilled lizard (D:1)
  4 rats
56 creatures vanquished.

Notes
Turn   | Place    | Note
-------+----------+-------------------------------------------
     0 | D:1      | shadizar the Djinni Conjurer began the quest for the Orb.
     0 | D:1      | shadizar set off with the following spells memorised: Magic
                  | Dart, Searing Ray, Fulminant Prism, Iskenderun's Mystic
                  | Blast.
     0 | D:1      | Reached XP level 1. HP: 15/15 MP: 0/0
   273 | D:1      | Found Miyrgh's General Store.
   315 | D:1      | Reached XP level 2. HP: 20/21 MP: 0/0
   320 | D:1      | Found Zimaaril's Weapon Emporium.
   488 | D:1      | Found Wusaix's Assorted Antiques.
  1160 | D:2      | Reached XP level 3. HP: 13/25 MP: 0/0
  1160 | D:2      | Learned a level 1 spell: Kiss of Death
  1816 | D:3      | Reached XP level 4. HP: 30/31 MP: 0/0
  1820 | D:3      | Noticed Robin
  1835 | D:3      | Killed Robin
  2006 | D:3      | Found a faded altar of an unknown god.
  2030 | D:3      | Reached skill level 5 in Spellcasting
  2030 | D:3      | Reached skill level 5 in Conjurations
  2030 | D:3      | Reached skill level 5 in Hexes
  2030 | D:3      | Reached skill level 5 in Summonings
  2030 | D:3      | Reached skill level 5 in Necromancy
  2030 | D:3      | Reached skill level 5 in Translocations
  2030 | D:3      | Reached skill level 5 in Fire Magic
  2030 | D:3      | Reached skill level 5 in Ice Magic
  2030 | D:3      | Reached skill level 5 in Air Magic
  2030 | D:3      | Reached skill level 5 in Earth Magic
  2030 | D:3      | Reached skill level 5 in Alchemy
  2030 | D:3      | Reached XP level 5. HP: 24/35 MP: 0/0
  2030 | D:3      | Learned a level 2 spell: Static Discharge
  2533 | D:3      | Found an ornate altar of the Wu Jian Council.
  2908 | D:4      | Reached XP level 6. HP: 33/40 MP: 0/0
  2978 | D:4      | Noticed Ijyb
  2988 | D:4      | Killed from afar by Ijyb

Illustrated notes

Levels and vault maps discovered:
D:1:      dpeg_arrival_brainrot, layout_loops_corners, serial_shops, shop, shop,
          shop
D:2:      layout_loops_ring
D:3:      layout_rooms, nzn_wu_jian_contemplation,
          hellmonk_ecumenical_altar_heavens_door, uniq_robin
D:4:      layout_loops_ring, uniq_ijyb

Skill      XL: |  1  2  3  4 |
---------------+-------------+-----
Spellcasting   | 4 5 |  5.6
Conjurations   | 4 5 |  5.6
Hexes          | 4 5 |  5.6
Summonings     | 4 5 |  5.6
Necromancy     | 4 5 |  5.6
Translocations | 4 5 |  5.6
Fire Magic     | 4 5 |  5.6
Ice Magic      | 4 5 |  5.6
Air Magic      | 4 5 |  5.6
Earth Magic    | 4 5 |  5.6
Alchemy        | 4 5 |  5.6
Dodging        | |  2.1
Stealth        | |  1.5

Action                     |  1- 3 |  4- 6 || total
---------------------------+-------+-------++-------
   Cast: Magic Dart        |    70 |    60 ||   130
         Searing Ray       |       |     4 ||     4
 Armour: Robe              |    15 |    17 ||    32
  Dodge: Dodged            |    18 |    16 ||    34

Table legend: (Time is in decaauts)
 A = Elapsed time spent in this place.
 B = Non-inter-level travel time spent in this place.
 C = Inter-level travel time spent in this place.
 D = Time resting spent in this place.
 E = Time spent auto-exploring this place.
 F = Levels seen in this place.
 G = Mean time per level.
                   A        B        C        D        E       F      G
               +--------+--------+--------+--------+--------+-----+--------+
         Total |   2987 |   2952 |     35 |      0 |   2667 |   4 |  746.8 |
       Dungeon |   2987 |   2952 |     35 |      0 |   2667 |   4 |  746.8 |
               +--------+--------+--------+--------+--------+-----+--------+

Top non-repeatable levels by time:
     D:1: 973 daAuts
     D:3: 859 daAuts
     D:2: 727 daAuts
     D:4: 426 daAuts
